 Dungeon Crawl Stone Soup version 0.19-a0-1170-g18f0c96 (webtiles) character file.

21 jacquesderrida the Cudgeler (level 2, -3/25 HPs)
             Began as a Minotaur Warper on Aug 17, 2016.
             Slain by an adder (4 damage)
             ... on level 2 of the Dungeon.
             The game lasted 00:00:42 (257 turns).

jacquesderrida the Cudgeler (Minotaur Warper)        Turns: 257, Time: 00:00:42

Health: -3/25      AC:  3    Str: 15    XL:     2   Next: 62%
Magic:  3/3        EV: 11    Int: 10    God:
Gold:   11         SH:  0    Dex:  9    Spells: 1 memorised, 2 levels left

rFire  . . .     SeeInvis .     a - +0 mace
rCold  . . .     Gourm    .     b - +0 leather armour
rNeg   . . .     Faith    .     (no shield)
rPois  .         Spirit   .     (helmet restricted)
rElec  .         Dismiss  .     (no cloak)
rCorr  .         Reflect  .     (no gloves)
MR     .....     Harm     .     (no boots)
Stlth  +.........               (no amulet)
                                (no ring)
                                (no ring)

@: drained
A: retaliatory headbutt, hooves 1, horns 2
a: no special abilities


You were on level 2 of the Dungeon.
You were not hungry.

You visited 1 branch of the dungeon, and saw 2 of its levels.

You collected 11 gold pieces.

Inventory:

Hand Weapons
 a - a +0 mace (weapon)
Missiles
 e - 5 tomahawks of dispersal (quivered)
Armour
 b - a +0 leather armour (worn)
Scrolls
 d - 2 scrolls of blinking
 g - a scroll of fog {unknown}
 h - 2 scrolls of identify {unknown}
Potions
 j - a potion of experience {unknown}
 k - a potion of agility {unknown}
Books
 c - a book of Spatial Translocations

   Spells                             Type                      Level
   a - Apportation                    Translocation                1
   b - Blink                          Translocation                2
   c - Shroud of Golubria             Charms/Translocation         2
   d - Portal Projectile              Translocation                3
   e - Teleport Other                 Translocation                3
   f - Passage of Golubria            Translocation                4
Comestibles
 f - a bread ration


   Skills:
 - Level 2.4(1.8) Fighting
 + Level 3.9(3.3) Maces & Flails
 - Level 1.0(0.4) Throwing
 - Level 1.2(0.6) Armour
 - Level 2.1(1.6) Dodging
 - Level 1.3(0.8) Spellcasting
 - Level 2.1(1.6) Translocations


You had 2 spell levels left.
You knew the following spells:

 Your Spells              Type           Power        Failure   Level  Hunger
a - Apportation           Tloc           #.........   24%         1    ##.....


Dungeon Overview and Level Annotations

Branches:
Dungeon (2/15)

Altars:


Innate Abilities, Weirdness & Mutations

You reflexively headbutt those who attack you in melee.
You have a pair of horns on your head.
You have large cloven feet.


Message History

The adder is moderately wounded.
The bat closely misses you. You furiously retaliate!
You headbutt the bat.
You kill the bat!
The adder bites you.
* * * LOW HITPOINT WARNING * * *
The adder bites you.
* * * LOW HITPOINT WARNING * * *
It was a potion of mutation.
You feel extremely strange.
Thin metallic scales grow over part of your body.
Your feet thicken and deform.
Your thin metallic scales disappear.
The adder closely misses you.
You miss the adder. You kick the adder, but do no damage.
The adder is moderately wounded.
The adder bites you.
* * * LOW HITPOINT WARNING * * *
The adder closely misses you.
You closely miss the adder.
The adder is moderately wounded.
The adder bites you.
You die...

######### #.......#
#.......###
#..........
#..........
#..........
###.......... ##
#.....†......
..#######.#..@.......
........#.#...S......
..........#..........
.........######......
.........# ......
.......†.# ......
........## ......
........# .....
........#######.#..#.#


You could see an adder.

Vanquished Creatures
  An ooze (D:2)
  A bat (D:2)
  4 giant cockroaches (D:2)
  A goblin (D:2)
  3 hobgoblins
  3 kobolds
  A rat (D:2)
14 creatures vanquished.

Notes
Turn   | Place    | Note
-------+----------+-------------------------------------------
     0 | D:1      | jacquesderrida the Minotaur Warper began the quest for the Orb.
     0 | D:1      | Reached XP level 1. HP: 18/18 MP: 1/1
   131 | D:2      | Reached skill level 3 in Maces & Flails
   167 | D:2      | Reached XP level 2. HP: 22/25 MP: 3/3
   255 | D:2      | Gained mutation: You are partially covered in thin metallic scales. (AC +2) [potion of mutation]
   255 | D:2      | Gained mutation: You have large cloven feet. [potion of mutation]
   255 | D:2      | Lost mutation: You are partially covered in thin metallic scales. (AC +2) [potion of mutation]
   256 | D:2      | HP: 1/25 [adder (3)]
   257 | D:2      | Slain by an adder

Vault maps used:
D:1:      sevenhm_arrival_forest_fort_large_2, serial_forest,
          infiniplex_forest_clump_C, infiniplex_forest_end_2,
          infiniplex_forest_clump_cross, infiniplex_forest_lined_1,
          infiniplex_forest_clump_small
D:2:      first_bread, nicolae_ru_path_of_blood, uniq_robin

Skill      XL: |  1 |
---------------+----+-----
Maces & Flails | 3 |  3.9
Fighting       | |  2.4
Throwing       | |  1.0
Armour         | |  1.2
Dodging        | |  2.1
Spellcasting   | |  1.3
Translocations | |  2.1

Action                   || total
-------------------------++-------
Melee: Mace              ||    43
       Headbutt          ||     6
       Kick              ||     1
  Use: Potion            ||     1
Armor: Leather armour    ||    13
Dodge: Dodged            ||    28
